 Dungeon Crawl Stone Soup version 0.25.1-2-g60ff931df9 (webtiles) character file.

Game seed: 3111962373129523885

3954 H0rd4k the Fighter (level 10, -5/81 HPs)
             Began as an Octopode Transmuter on Aug 25, 2020.
             Slain by a wight
             ... wielding a cursed +4 great sword
              (18 damage)
             ... on level 8 of the Dungeon.
             The game lasted 00:18:55 (14380 turns).

H0rd4k the Fighter (Octopode Transmuter)           Turns: 14380, Time: 00:18:57

Health: -5/81      AC:  1    Str:  7 (9)  XL:     10   Next: 21%
Magic:  17/17      EV: 12    Int: 19      God:
Gold:   500        SH:  0    Dex: 13      Spells: 12/18 levels left

rFire    . . .     SeeInvis .     - Unarmed
rCold    . . .     Gourm    .   (no shield)
rNeg     . . .     Faith    .   (helmet restricted)
rPois    .         Spirit   .   (no amulet)
rElec    .         Reflect  .   r - ring of flight
rCorr    .         Harm     .   (no ring)
MR       .....                  (no ring)
Stlth    ++........             (no ring)
HPRegen  0.00/turn              (no ring)
MPRegen  0.15/turn              (no ring)
                                (no ring)
                                (no ring)

@: non-regenerating, diseased, heavily drained
A: almost no armour, stealthy swim, amphibious, 8 rings, constrict 8, camouflage
1, gelatinous body 1
a: Evoke Flight


You were on level 8 of the Dungeon.
You were hungry.

You visited 1 branch of the dungeon, and saw 8 of its levels.
You also visited: Sewer and Ossuary.

You collected 500 gold pieces.

Inventory:

Missiles
 a - 104 arrows
 d - 34 poisoned darts (quivered)
Magical Staves
 q - an uncursed staff of earth
Jewellery
 r - a ring of flight (left tentacle)
 B - an uncursed ring of stealth
Wands
 t - a wand of flame (21)
 v - a wand of digging (3)
 y - a wand of polymorph (14)
Scrolls
 e - a scroll of magic mapping {unknown}
 g - a scroll of immolation {unknown}
 j - 4 scrolls of teleportation {unknown}
 n - a scroll of acquirement {unknown}
 o - 4 scrolls of blinking {unknown}
 s - 2 scrolls of enchant armour
 u - 2 scrolls of remove curse
 w - 2 scrolls of identify
 z - a scroll of fear
 D - a scroll of amnesia {unknown}
 F - 2 scrolls of noise {unknown}
Potions
 b - 3 potions of brilliance
 f - 12 potions of curing
 h - 2 potions of stabbing
 i - 3 potions of mutation
 k - a potion of cancellation
 l - 4 potions of flight
 m - 2 potions of might
 p - a potion of magic
 x - 2 potions of invisibility {unknown}
 A - a potion of haste
 E - 2 potions of ambrosia {unknown}
Comestibles
 c - 16 rations
 G - a chunk of flesh


   Skills:
 + Level 12.3(9.7) Fighting
 - Level 2.3(0.3) Dodging
 - Level 0.8(0.0) Stealth
 - Level 3.4(1.3) Unarmed Combat
 + Level 4.8(2.7) Spellcasting
 + Level 4.9(2.8) Transmutations


You had 12 spell levels left.
You knew the following spells:

 Your Spells              Type           Power        Failure   Level  Hunger
a - Beastly Appendage     Tmut           ##....       4%          1    None
b - Sticks to Snakes      Tmut           ##......     8%          2    ##.....
c - Spider Form           Tmut/Pois      #.........   26%         3    ###....

Your spell library contained the following spells:

 Spells                   Type           Power        Failure   Level  Hunger
 Ice Form                 Ice/Tmut       #.......     65%         4    ####...
 Blade Hands              Tmut           ##........   80%         5    ######.


Dungeon Overview and Level Annotations

Branches:
Dungeon (8/15)             Temple (0/1) D:4           Sewer (visited)
Ossuary (visited)
   Lair: D:8-11

Altars:
Makhleb
Nemelex Xobeh
Okawaru
Yredelemnul
Zin

Shops:
D:7 *

Annotations:
D:2 exclusion: downstairs
D:5 exclusion: 2 downstairs
D:6 3 runed translucent doors, RUZZLEFAZAZZLE's ghost, novice TrMo
D:7 exclusion: skeleton
D:8 Maurice


Innate Abilities, Weirdness & Mutations

You cannot wear most types of armour.
You are very stealthy in the water. (Stealth+)
You are amphibious.
You can wear up to eight rings at the same time.
You can use your tentacles to constrict eight enemies at once.
Your skin changes colour to match your surroundings (Stealth+).
Your rubbery body absorbs attacks. (AC +1, EV +1)


Message History

You closely miss the wight. You grab the wight.
The wight is lightly damaged.
You constrict the wight, but do no damage.
The wight misses you.
You tentacle-slap the wight but do no damage.
You squeeze the wight.
The wight is moderately damaged.
You constrict the wight, but do no damage.
The wight hits you with a cursed +4 great sword!
* * * LOW HITPOINT WARNING * * *
You completely miss the wight.
The wight is moderately damaged.
You constrict the wight.
You tentacle-slap the wight but do no damage.
You pierce the wight, but do no damage.
The wight is moderately damaged.
Your tentacle spike disappears.
You constrict the wight.
The wight hits you with a cursed +4 great sword!!
You die...

#.## #...
#..#######..
#...........
#....z.....?
##.##.z.....
#.# z......
#z# .......
#@# .......
#.# .......
#.# #######
#.######
#......#
######.# #.#
#.# #.#


You could see a wight.

Vanquished Creatures
  Grinder (Sewer)
  Sigmund (D:4)
  2 wraiths (D:7)
  Eustachio (D:4)
  Edmund (D:6)
  An ice beast (D:5)
  A sky beast (D:6)
  2 necrophages
  3 ogres
  2 centaurs
  A big kobold (Sewer)
  An elf zombie (D:7)
  3 bullfrogs
  2 scorpions
  A water moccasin zombie (Ossuary)
  12 wights
  A howler monkey (D:6)
  3 crimson imps (D:8)
  2 quasits (Sewer)
  2 bullfrog zombies
  3 hounds
  5 human zombies (D:7)
  A jelly (D:7)
  2 orc priests
  4 orc wizards
  2 iguanas (D:6)
  6 worker ants
  3 big kobold zombies
  A hound skeleton (D:6)
  2 mummies (Ossuary)
  2 worker ant zombies
  7 gnolls (D:6)
  8 adders
  3 shadow imps
  6 ufetubi (Sewer)
  An ooze (Sewer)
  2 adder skeletons (D:4)
  6 adder zombies
  2 worms (D:2)
  4 dart slugs
  5 leopard geckos
  17 orcs
  8 bats
  6 giant cockroaches
  3 gnoll zombies (Ossuary)
  12 goblins
  14 hobgoblins
  7 jackals
  27 kobolds
  3 quokkas
  2 ball pythons
  A ball python skeleton (D:4)
  9 frilled lizards
  A giant cockroach zombie (D:1)
  6 hobgoblin zombies (Ossuary)
  6 kobold zombies
  A leopard gecko zombie (D:1)
  6 orc zombies
  8 rats
255 creatures vanquished.

Notes
Turn   | Place    | Note
-------+----------+-------------------------------------------
     0 | D:1      | H0rd4k the Octopode Transmuter began the quest for the Orb.
     0 | D:1      | Reached XP level 1. HP: 13/13 MP: 3/3
   130 | D:1      | Reached XP level 2. HP: 7/18 MP: 5/5
   717 | D:1      | Reached XP level 3. HP: 23/23 MP: 6/6
  1244 | D:1      | Learned a level 2 spell: Sticks to Snakes
  1548 | D:2      | Found a faded altar of an unknown god.
  1559 | D:2      | Reached skill level 2 in Fighting
  1559 | D:2      | Reached XP level 4. HP: 29/29 MP: 5/7
  2755 | D:2      | Reached skill level 3 in Fighting
  2873 | D:2      | Learned a level 3 spell: Spider Form
  2926 | D:3      | Found a glowing drain.
  2947 | Sewer    | Entered a sewer
  2968 | Sewer    | Reached XP level 5. HP: 27/36 MP: 8/8
  3493 | Sewer    | Reached skill level 4 in Fighting
  3772 | Sewer    | Found a burning altar of Makhleb.
  3783 | Sewer    | Noticed Grinder
  3787 | Sewer    | Noticed a big kobold
  3798 | Sewer    | Killed Grinder
  3798 | Sewer    | Reached skill level 5 in Fighting
  3798 | Sewer    | Reached XP level 6. HP: 3/45 MP: 9/9
  4490 | Sewer    | Reached skill level 6 in Fighting
  4964 | D:3      | Reached XP level 7. HP: 37/52 MP: 8/10
  5699 | D:3      | Reached skill level 7 in Fighting
  6078 | D:4      | Found a staircase to the Ecumenical Temple.
  6140 | D:4      | Noticed Eustachio
  6174 | D:4      | Killed Eustachio
  6266 | D:4      | Reached skill level 8 in Fighting
  6561 | D:4      | Found an iron altar of Okawaru.
  6573 | D:4      | Reached XP level 8. HP: 45/61 MP: 9/11
  6783 | D:4      | Noticed Sigmund
  6797 | D:4      | Killed Sigmund
  6941 | D:4      | Found a burning altar of Makhleb.
  7211 | D:4      | Reached skill level 9 in Fighting
  7327 | D:5      | Entered Level 5 of the Dungeon
  8057 | D:5      | Reached skill level 10 in Fighting
  8756 | D:6      | Reached XP level 9. HP: 34/70 MP: 12/12
  9265 | D:6      | Noticed RUZZLEFAZAZZLE's ghost (novice TrMo)
  9780 | D:6      | Reached skill level 11 in Fighting
  9784 | D:6      | Noticed Edmund
 10260 | D:6      | Found a runed translucent gate.
 10261 | D:6      | Found a runed translucent gate.
 10262 | D:6      | Found a runed translucent gate.
 10274 | D:6      | Found a sparkling altar of Nemelex Xobeh.
 10711 | D:6      | Killed Edmund
 10991 | D:7      | Found Kise Loebe's General Store.
 12089 | D:7      | Found a basalt altar of Yredelemnul.
 12370 | D:7      | Reached skill level 12 in Fighting
 12669 | D:7      | Reached XP level 10. HP: 43/80 MP: 13/16
 13376 | D:7      | Found a glowing silver altar of Zin.
 13444 | D:8      | Found a sand-covered staircase.
 13577 | Ossuary  | Entered an ossuary
 14293 | D:8      | Noticed Maurice
 14380 | D:8      | Slain by a wight

Illustrated notes

Levels and vault maps discovered:
D:1:      saegor_arrival_fortress, layout_rooms
D:2:      minmay_razor_zed, layout_basic, first_ration,
          chequers_ecumenical_altar_island
D:3:      layout_loops_ring, cheibrodos_sewer_entry_drain, dk_vineyard_1,
          grunt_decor_mini_mirrors
D:4:      layout_loops_cross, makhleb_heckhound_becter,
          minmay_temple_entry_overgrown, okawaru_altar_gauntlet_db,
          uniq_sigmund, uniq_eustachio
D:5:      layout_layer_cave
D:6:      layout_loops_cross, gammafunk_ghost_icy, basic_altar, uniq_edmund
D:7:      layout_basic, zin_treasury, lemuel_mausoleum_altar_yredelemnul,
          serial_shops, nicolae_shop_behind_doors
D:8:      layout_loops_ring, serial_shops, nicolae_shop_behind_doors,
          nicolae_ossuary_entry_monument, uniq_maurice

Skill      XL: |  1  2  3  4  5  6  7  8  9 |
---------------+----------------------------+-----
Fighting       | 2 3 5 6 8 10 12 | 12.3
Spellcasting   | 4 |  4.8
Transmutations | 4 |  4.9
Dodging        | |  2.3
Stealth        | |  0.8
Unarmed Combat | |  3.4

Action                   |  1- 3 |  4- 6 |  7- 9 | 10-12 || total
-------------------------+-------+-------+-------+-------++-------
Melee: Unarmed           |    88 |   190 |   496 |   208 ||   982
       Constrict         |    25 |    49 |    80 |    45 ||   199
       Tentacles         |    13 |    28 |    84 |    38 ||   163
       Kick              |       |    25 |    84 |    35 ||   144
       Punch             |       |     2 |     5 |     5 ||    12
 Cast: Beastly Appendage |     1 |    10 |    34 |     8 ||    53
       Spider Form       |       |       |     5 |       ||     5
Evoke: Wand              |       |       |     5 |     5 ||    10
  Use: Scroll            |       |     6 |     2 |       ||     8
       Potion            |       |     2 |     8 |     1 ||    11
 Stab: Sleeping          |     5 |     9 |    20 |     2 ||    36
  Eat: Chunk             |     2 |     6 |    17 |     2 ||    27
       Ration            |       |     1 |     3 |     1 ||     5
Armor: Skin              |     4 |    12 |    29 |     5 ||    50
Dodge: Dodged            |    46 |   158 |   276 |   100 ||   580
